 Dungeon Crawl Stone Soup version 0.30-a0-6-g7c9e10e132 (webtiles) character file.

Game seed: 17703359654489308129

163 siradein the Slasher (level 5, -1/43 HPs)
             Began as a Human Cinder Acolyte on Aug 23, 2022.
             Was a High Priest of Ignis.
             Slain by Grinder (2 damage)
             ... on level 3 of the Dungeon.
             The game lasted 00:05:07 (2987 turns).

siradein the Slasher (Human Cinder Acolyte)         Turns: 2987, Time: 00:05:09

Health: -1/43      AC: 13    Str: 14    XL:     5   Next: 73%
Magic:  6/6        EV: 16    Int: 15    God:    Ignis [*****.]
Gold:   87         SH:  6    Dex: 10    Spells: 6/6 levels left

rFire   + . .      SeeInvis .    a - -1 falchion (flame)
rCold   . . .      Faith    .    j - +0 kite shield
rNeg    . . .      Spirit   .    k - +0 ring mail
rPois   .          Reflect  .    (no helmet)
rElec   .          Harm     .    m - +0 cloak
rCorr   .          Rampage  .    (no gloves)
Will    .....                    (no boots)
Stlth   ..........               (no amulet)
HPRegen 0.14/turn                g - +4 ring of evasion
MPRegen 0.10/turn                r - +4 ring of evasion

@: fiery-armoured
A: no striking features
a: Renounce Religion, Fiery Armour, Foxfire Swarm, Rising Flame


You were on level 3 of the Dungeon.
You worshipped Ignis.
Ignis was extremely pleased with you.
You visited 1 branch of the dungeon, and saw 3 of its levels.

You collected 87 gold pieces.

Inventory:

Hand Weapons
 a - a -1 falchion of flaming (weapon)
Missiles
 b - 20 stones (quivered)
Armour
 j - a +0 kite shield (worn)
 k - a +0 ring mail (worn)
 m - a +0 cloak (worn)
Jewellery
 g - a +4 ring of evasion (left hand)
 r - a +4 ring of evasion (right hand)
Scrolls
 c - a scroll of magic mapping {unknown}
 d - a scroll of enchant weapon {unknown}
 e - a scroll of torment {unknown}
 o - a scroll of butterflies {unknown}
 q - a scroll of immolation {unknown}
Potions
 f - 2 potions of cancellation
 h - 3 potions of berserk rage
 i - a potion of heal wounds
 l - a potion of haste
 n - a potion of curing {unknown}


   Skills:
 + Level 4.6 Fighting
 + Level 4.7 Long Blades
 + Level 0.0 Shields
 - Level 1.0 Spellcasting
 - Level 3.0 Fire Magic


You had 6 spell levels left.
You didn't know any spells.
Your spell library contained the following spells:

 Spells                   Type           Power      Damage    Failure   Level
 Scorch                   Fire           18%        2d6       63%         2
 Apportation              Tloc           0%         N/A       88%         1
 Necrotise                Necr           0%         1d4       88%         1
 Summon Small Mammal      Summ           0%         N/A       88%         1
 Ensorcelled Hibernation  Hex/Ice        0%         N/A       95%         2
 Spider Form              Tmut/Pois      0%         N/A       99%         3
 Anguish                  Hex/Necr       0%         N/A       100%        4


Dungeon Overview and Level Annotations

Branches:
Dungeon (3/15)

Altars:
Ashenzari
Cheibriados
Trog
Uskayaw
Xom

Annotations:
D:3 1 runed translucent door, Crazy Yiuf, Grinder


Message History

Grinder is burned by your cloak of flames.
Grinder is moderately wounded.
You hit Grinder. You burn Grinder.
Grinder is heavily wounded.
You block Grinder's attack.
You hit Grinder. You burn Grinder.
Grinder is heavily wounded.
Grinder barely misses you.
Grinder blinks!
Unknown command.
Unknown command.
Grinder is nearby!
Grinder gestures at you.
You suddenly lose the ability to move!
You can move again.
Unknown command.
Unknown command.
Unknown command.
Unknown command.
Grinder blinks!
You hit Grinder but do no damage.
Grinder is heavily wounded.
Grinder closely misses you.
You slash Grinder! You burn Grinder.
Grinder is severely wounded.
Grinder gestures at you. You resist with significant effort.
You closely miss Grinder.
Grinder is severely wounded.
Grinder closely misses you.
You closely miss Grinder.
Grinder is severely wounded.
Grinder gestures at you. You resist with significant effort.
Grinder barely misses you.
You closely miss Grinder.
Grinder is severely wounded.
Grinder rolls her eyes.
Grinder hits you.
* * * LOW HITPOINT WARNING * * *
You writhe in agony.
You die...

######### ###### #.....@5#
###### #....# #.#####.###
#....# ##.##.#..
...#...###.##.#
#...#.#######.##......#..#
#.###.................#.##
###...###...........#.....#
....#.###.######......#.###
.................>#...#.#
#.#######.#....##.#...#.#


You could see Grinder.

Vanquished Creatures
  A phantom (D:3)
  Ijyb (D:1)
  4 worms
  2 dart slugs (D:2)
  7 bats
  5 endoplasms (D:1)
  2 giant cockroaches
  10 goblins
  A hobgoblin (D:1)
  3 kobolds
  2 quokkas
  5 ball pythons (D:1)
  A frilled lizard (D:1)
  4 rats
48 creatures vanquished.

Notes
Turn   | Place    | Note
-------+----------+-------------------------------------------
     0 | D:1      | siradein the Human Cinder Acolyte began the quest for the
                  | Orb.
     0 | D:1      | Reached XP level 1. HP: 18/18 MP: 2/2
   185 | D:1      | Reached XP level 2. HP: 23/24 MP: 3/3
   692 | D:1      | Reached XP level 3. HP: 12/29 MP: 4/4
  1622 | D:2      | Found a shimmering altar of Xom.
  1794 | D:2      | Reached XP level 4. HP: 37/37 MP: 5/5
  1836 | D:2      | Found a faded altar of an unknown god.
  1996 | D:3      | Noticed a phantom
  2011 | D:3      | Killed a phantom
  2012 | D:3      | Reached XP level 5. HP: 27/43 MP: 6/6
  2013 | D:3      | Noticed Ijyb
  2495 | D:1      | Killed Ijyb
  2596 | D:3      | Found a broken altar of Ashenzari.
  2607 | D:3      | Found a snail-covered altar of Cheibriados.
  2608 | D:3      | Found a bloodstained altar of Trog.
  2643 | D:3      | Noticed a +0 dagger
  2643 | D:3      | Noticed a +0 falchion
  2644 | D:3      | Noticed a +0 dagger
  2644 | D:3      | Noticed a +0 spear
  2644 | D:3      | Noticed a +0 falchion
  2646 | D:3      | Noticed a +0 spear
  2646 | D:3      | Noticed a +0 short sword
  2646 | D:3      | Noticed a +0 short sword
  2651 | D:3      | Found a hide-covered altar of Uskayaw.
  2835 | D:3      | Found a runed translucent door.
  2838 | D:3      | Noticed Crazy Yiuf
  2962 | D:3      | Noticed Grinder
  2975 | D:3      | HP: 1/43 [Grinder (6)]
  2980 | D:3      | Paralysed by Grinder for 2 turns
  2987 | D:3      | HP: 1/43 [Grinder (2)]
  2987 | D:3      | Slain by Grinder

Illustrated notes

Levels and vault maps discovered:
D:1:      dpeg_arrival_subterranean_lakeside_camping, layout_basic,
          amethyst_killhole, minmay_tall_x
D:2:      layout_basic, basic_altar, hellmonk_ecumenical_altar_run_dry
D:3:      layout_basic, nicolae_uskayaw_en_pointe, grunt_temple_overflow_open,
          uniq_ijyb, uniq_grinder, uniq_crazy_yiuf_cottage

Skill      XL: |  1  2  3  4 |
---------------+-------------+-----
Long Blades    | 4 |  4.7
Fighting       | 4 |  4.6
Spellcasting   | |  1.0
Fire Magic     | |  3.0

Action                   |  1- 3 |  4- 6 || total
-------------------------+-------+-------++-------
Melee: Falchion          |   114 |    99 ||   213
       Punch             |       |     1 ||     1
Invok: Fiery Armour      |       |     1 ||     1
  Use: Scroll            |       |     5 ||     5
Armor: Robe              |     9 |       ||     9
       Leather armour    |    28 |       ||    28
       Ring mail         |     5 |    24 ||    29
Dodge: Dodged            |    80 |    81 ||   161
Block: Kite shield       |       |     6 ||     6

Table legend: (Time is in decaauts)
 A = Elapsed time spent in this place.
 B = Non-inter-level travel time spent in this place.
 C = Inter-level travel time spent in this place.
 D = Time resting spent in this place.
 E = Time spent auto-exploring this place.
 F = Levels seen in this place.
 G = Mean time per level.
                   A        B        C        D        E       F      G
               +--------+--------+--------+--------+--------+-----+--------+
         Total |   3018 |   2925 |     93 |    395 |   1967 |   3 | 1006.0 |
       Dungeon |   3018 |   2925 |     93 |    395 |   1967 |   3 | 1006.0 |
               +--------+--------+--------+--------+--------+-----+--------+

Top non-repeatable levels by time:
     D:1: 1571 daAuts
     D:2: 903 daAuts
     D:3: 543 daAuts
